 Dungeon Crawl Stone Soup version 0.23-a0-650-ga4d50d4 (webtiles) character file.

44 Borgoz the Cutter (level 3, -3/24 HPs)
             Began as a Kobold Berserker on Jan 2, 2019.
             Was a Follower of Trog.
             Slain by a worm (10 damage)
             ... on level 2 of the Dungeon.
             The game lasted 00:03:01 (726 turns).

Borgoz the Cutter (Kobold Berserker)                 Turns: 726, Time: 00:03:02

Health: -3/24      AC:  2    Str: 14    XL:     3   Next: 87%
Magic:  3/3        EV: 16    Int:  8    God:    Trog [*.....]
Gold:   88         SH:  0    Dex: 15    Spells: 2/2 levels left

rFire    . . .     SeeInvis .   a - +0 short sword
rCold    . . .     Gourm    .   (shield restricted)
rNeg     . . .     Faith    .   b - +0 animal skin
rPois    .         Spirit   .   (no helmet)
rElec    .         Reflect  .   (no cloak)
rCorr    .         Harm     .   (no gloves)
MR       .....                  (no boots)
Stlth    ++........             (no amulet)
HPRegen  0.08/turn              (no ring)
MPRegen  0.08/turn              (no ring)

@: no status effects
A: small, carnivore
a: Berserk, Renounce Religion


You were on level 2 of the Dungeon.
You worshipped Trog.
Trog was aware of your devotion.
You were full.

You visited 1 branch of the dungeon, and saw 2 of its levels.

You collected 88 gold pieces.

Inventory:

Hand Weapons
 a - a +0 short sword (weapon)
Armour
 b - a +0 animal skin (worn)
Jewellery
 g - an uncursed ring of wizardry {unknown}
Scrolls
 f - a scroll of enchant weapon {unknown}
 h - 2 scrolls of remove curse {unknown}
 i - a scroll of identify {unknown}
Potions
 d - a potion of agility {unknown}
 e - a potion of haste {unknown}
Comestibles
 c - 4 rations


   Skills:
 + Level 3.7 Fighting
 + Level 4.4 Short Blades
 + Level 2.0 Armour
 + Level 3.0 Dodging
 + Level 1.8 Stealth


You had 2 spell levels left.
You didn't know any spells.
Your spell library was empty.

Dungeon Overview and Level Annotations

Branches:
Dungeon (2/15)

Altars:


Innate Abilities, Weirdness & Mutations

You are small and have problems with some larger weapons.
You are carnivorous and can eat meat at any time.


Message History

You hit the worm but do no damage.
The worm is moderately wounded.
The worm barely misses you.
You hit the worm.
The worm is heavily wounded.
You barely miss the worm.
The worm is heavily wounded.
The worm bites you.
You barely miss the worm.
The worm is moderately wounded.
You hit the worm.
The worm is heavily wounded.
The worm bites you!
* * * LOW HITPOINT WARNING * * *
You hit the worm.
The worm is heavily wounded.
You hit the worm.
The worm is severely wounded.
The worm bites you!
You die...

### #.# #.# #.# #.#
#.####### ###
#w....... ######## #.#
#@#
.......###.#####.#####
.....................#
.#####.###.#####.###.#
................>..
.......###.#####.###
.......# #.# #.#
.......# #.# #.#
.......# #.# #.#


You could see a worm.

Vanquished Creatures
  An adder (D:2)
  A dart slug (D:1)
  3 leopard geckos (D:1)
  5 bats (D:1)
  4 giant cockroaches (D:1)
  4 goblins (D:1)
  5 hobgoblins
  A frilled lizard (D:1)
  3 kobolds
  A rat (D:1)
28 creatures vanquished.

Notes
Turn   | Place    | Note
-------+----------+-------------------------------------------
     0 | D:1      | Borgoz the Kobold Berserker began the quest for the Orb.
     0 | D:1      | Reached XP level 1. HP: 14/14 MP: 1/1
    42 | D:1      | Reached XP level 2. HP: 15/19 MP: 2/2
   123 | D:1      | Reached skill level 1 in Stealth
   168 | D:1      | Reached XP level 3. HP: 14/23 MP: 3/3
   726 | D:2      | Slain by a worm

Vault maps used:
D:1:      saegor_arrival_simple_a, skrybe_limestone_x
D:2:      uniq_robin

Skill      XL: |  1  2  3 |
---------------+----------+-----
Stealth        | 1 |  1.8
Dodging        | 3 |  3.0
Armour         | 2 |  2.0
Fighting       | |  3.7
Short Blades   | |  4.4

Action                   || total
-------------------------++-------
Melee: Short sword       ||    89
 Stab: Sleeping          ||     5
  Eat: Chunk             ||     5
Armor: Animal skin       ||    15
Dodge: Dodged            ||    65

Table legend:
 A = Non-vault XP
 B = Vault XP
 C = Vault XP percentage of total XP
 D = Non-vault monster count
 E = Vault monster count
 F = Vault count percentage of total count
                 A         B        C        D         E       F
            +---------+---------+-------+---------+---------+-------
      Total |      64 |       0 |   0.0 |      28 |       0 |   0.0
            +---------+---------+-------+---------+---------+-------
        D:1 |      46 |       0 |   0.0 |      24 |       0 |   0.0
        D:2 |      18 |       0 |   0.0 |       4 |       0 |   0.0
            +---------+---------+-------+---------+---------+-------
